 Dungeon Crawl Stone Soup version 0.25.0-1-g7eea58d2a3 (webtiles) character file.

Game seed: 3533690386682368537

221 Aviak the Changer (level 5, -4/46 HPs)
             Began as a Naga Transmuter on June 14, 2020.
             Killed by nerve-wracking pain
             ... invoked by a shadow imp
             ... summoned by Natasha
              (14 damage)
             ... on level 2 of the Dungeon.
             The game lasted 00:06:51 (3684 turns).

Aviak the Changer (Naga Transmuter)                 Turns: 3684, Time: 00:06:51

Health: -4/46      AC:  6    Str: 12    XL:     5   Next: 98%
Magic:  2/9        EV:  8    Int: 15    God:
Gold:   96         SH:  0    Dex: 11    Spells: 4/10 levels left

rFire    . . .     SeeInvis +     - Unarmed
rCold    + . .     Gourm    .   (no shield)
rNeg     . . .     Faith    .   f - +2 ring mail {rC+}
rPois    +         Spirit   .   (no helmet)
rElec    .         Reflect  .   (no cloak)
rCorr    .         Harm     .   (no gloves)
MR       .....                  (no barding)
Stlth    +.........             (no amulet)
HPRegen  0.15/turn              (no ring)
MPRegen  0.11/turn              (no ring)

@: mighty, about to teleport, appendage (expiring), very slightly contaminated,
very slow
A: large, horns 2, see invisible, deformed body, poison resistance, slowness 2,
slow metabolism 1, spit poison 1, AC +1
a: Spit Poison, End Transformation


You were on level 2 of the Dungeon.
You were not hungry.
You had grown temporary horns.
You visited 1 branch of the dungeon, and saw 2 of its levels.

You collected 96 gold pieces.

Inventory:

Missiles
 a - 37 arrows
Armour
 b - a +0 robe
 f - a +2 ring mail of cold resistance (worn)
Wands
 k - a wand of random effects (16)
Scrolls
 i - 4 scrolls of identify
 m - a scroll of magic mapping {unknown}
Potions
 c - a potion of stabbing
Comestibles
 d - a chunk of flesh
 j - 2 rations


   Skills:
 - Level 2.5 Fighting
 - Level 1.5 Dodging
 - Level 3.0 Unarmed Combat
 - Level 3.0 Spellcasting
 + Level 4.1 Transmutations
 - Level 3.0 Poison Magic


You had 4 spell levels left.
You knew the following spells:

 Your Spells              Type           Power        Failure   Level  Hunger
a - Beastly Appendage     Tmut           ##....       9%          1    #......
b - Sticks to Snakes      Tmut           ##......     13%         2    ##.....
c - Spider Form           Tmut/Pois      ##........   32%         3    ###....

Your spell library contained the following spells:

 Spells                   Type           Power        Failure   Level  Hunger
 Ice Form                 Ice/Tmut       #.......     89%         4    #####..
 Blade Hands              Tmut           ##........   93%         5    ######.


Dungeon Overview and Level Annotations

Branches:
Dungeon (2/15)

Altars:
Uskayaw

Annotations:
D:2 Natasha


Innate Abilities, Weirdness & Mutations

You cannot wear boots.
Your serpentine skin is tough. (AC +1)
You have supernaturally acute eyesight. (SInv)
Armour fits poorly on your strangely shaped body.
Your system is resistant to poisons. (rPois)
You cover ground very slowly.
You have a slow metabolism.
You can spit poison.
You have a pair of horns on your head.


Message History

Your adder closely misses the white imp.
The shadow imp gestures at you.
You struggle to resist.
The white imp hits your adder. The white imp freezes your adder.
Your adder seems to slow down.
As you read the scroll labeled RIRHOVEDERPH, it crumbles to dust.
It is a scroll of amnesia.
Really abort (and waste the scroll)?
Okay, then.
The white imp gestures at your adder. The puff of frost hits your adder!
Your adder dies!
The shadow imp closely misses you.
As you read the scroll labeled AVVAOD LEDE, it crumbles to dust.
You feel strangely unstable.
It was a scroll of teleportation.
The shadow imp barely misses you.
The white imp dies!
The shadow imp gestures at you. Pain shoots through your body!
You die...

.........#######.#.##.#####.##...
........## #.#....#..........
8.#.....# #.######..........
.†#.....# #................#
..##.#.############.............#
..##>..........5.h.....####.....#
..##.#.##########5#.##....#.....#
..##.#.#.....####...##.##.#.....#
.).#.#.#.###....@.......#.#.....#
...).#.#.#..###########.#.#......
8.##.#.#..<...............#....##
..##.#.####.###########...#......
##.#.#..............# #...#.....#
...#......#.#######.###.#.#.....#
##.######.#.#.........#.#.#......
......#.............#.#.#.#..#.##
.#......#.#.#<......#.#.#.÷......


You could see Natasha and a shadow imp (summoned).

Vanquished Creatures
  An orc priest (D:2)
  4 adders (D:2)
  2 worms (D:2)
  2 dart slugs
  A leopard gecko (D:1)
  An orc (D:2)
  A ball python (D:1)
  5 bats
  A giant cockroach (D:1)
  4 goblins
  4 hobgoblins
  2 jackals (D:1)
  A quokka (D:2)
  5 kobolds
  10 rats
44 creatures vanquished.

Vanquished Creatures (collateral kills)
  An orc priest (D:2)
  2 orc wizards (D:2)
  Natasha (twice) (D:2)
  Terence (D:2)
  3 adders (D:2)
  A kobold (D:2)
10 creatures vanquished.

Grand Total: 54 creatures vanquished

Notes
Turn   | Place    | Note
-------+----------+-------------------------------------------
     0 | D:1      | Aviak the Naga Transmuter began the quest for the Orb.
     0 | D:1      | Reached XP level 1. HP: 18/18 MP: 3/3
   510 | D:1      | Reached XP level 2. HP: 25/25 MP: 3/5
   546 | D:1      | Learned a level 2 spell: Sticks to Snakes
  1325 | D:1      | Reached XP level 3. HP: 32/32 MP: 4/6
  1805 | D:1      | Learned a level 3 spell: Spider Form
  1825 | D:2      | Noticed Terence
  1996 | D:2      | Found a hide-covered altar of Uskayaw.
  2010 | D:2      | Killed Terence
  2010 | D:2      | Reached skill level 3 in Transmutations
  2010 | D:2      | Reached skill level 1 in Poison Magic
  2010 | D:2      | Reached XP level 4. HP: 18/40 MP: 2/7
  2502 | D:2      | Reached XP level 5. HP: 24/46 MP: 3/8
  3013 | D:2      | Noticed Natasha
  3023 | D:2      | Killed Natasha
  3466 | D:2      | Noticed Natasha
  3481 | D:2      | Killed Natasha
  3481 | D:2      | Reached skill level 4 in Transmutations
  3660 | D:2      | Noticed Natasha
  3684 | D:2      | Killed from afar by a shadow imp

Illustrated notes

Levels and vault maps discovered:
D:1:      mrwooster_arrival_arrow, layout_basic, hangedman_decor_slide_cut,
          minmay_misc_feat_x
D:2:      layout_basic, eat_drink_and_be_merry_uskayaw, first_ration,
          chequers_serial_rivers_micro_a, kennysheep_generic_room_6,
          uniq_natasha, uniq_terence

Skill      XL: |  1  2  3  4  5 |
---------------+----------------+-----
Fighting       | 2 |  2.5
Transmutations | 3 4 |  4.1
Poison Magic   | 1 2 3 |  3.0
Spellcasting   | 3 |  3.0
Dodging        | |  1.5
Unarmed Combat | |  3.0

Action                   |  1- 3 |  4- 6 || total
-------------------------+-------+-------++-------
Melee: Unarmed           |    92 |    87 ||   179
       Headbutt          |    11 |     3 ||    14
       Punch             |     1 |     1 ||     2
 Cast: Beastly Appendage |    17 |    12 ||    29
       Sticks to Snakes  |     2 |    18 ||    20
 Abil: Spit Poison       |    10 |     9 ||    19
  Use: Potion            |       |     5 ||     5
       Scroll            |       |     3 ||     3
  Eat: Chunk             |     1 |     5 ||     6
       Ration            |     1 |       ||     1
Armor: Robe              |    14 |       ||    14
       Ring mail         |       |    43 ||    43
Dodge: Dodged            |    55 |    50 ||   105
